TOP OF THE 1ST |
Belleville Bulls batting - Pitching for Put-In-Bay BC : RHP Jeremy Brody
|
Pitching: RHP Jeremy Brody
|
|
Batting: SHB Aristotle Auer
|
0-0: Called Strike 0-1: Ball 1-1: Ball 2-1: Swinging Strike 2-2: Foul Ball, location: 2F 2-2: Foul Ball, location: 2F 2-2: Foul Ball, location: 2F 2-2: Strikes out swinging
|
Batting: RHB Imbart Baars
|
0-0: Foul Ball, location: 2F 0-1: Ball 1-1: Called Strike 1-2: Foul Ball, location: 2F 1-2: Foul Ball, location: 2F 1-2: Foul Ball, location: 2F 1-2: Foul Ball, location: 2F 1-2: Ball 2-2: Ball 3-2: Strikes out swinging
|
Batting: RHB Amor Campos
|
0-0: Foul Ball, location: 2F 0-1: Called Strike 0-2: Foul Ball, location: 2F 0-2: Ball 1-2: SINGLE (Flyball, 78S, EV 98.1 MPH)
|
Batting: RHB Tom Rowland
|
0-0: Ball 1-0: Ball 2-0: Ball 3-0: Called Strike 3-1: Called Strike 3-2: SINGLE (Flyball, 4MD, EV 91.2 MPH) Amor Campos to second Amor Campos to third
|
Batting: RHB Spencer Wiggins
|
0-0: Ball 1-0: Ball 2-0: Ground out 5-3 (Groundball, 6S, EV 84.4 MPH)
|
Top of the 1st over - 0 runs, 2 hits, 0 errors, 2 left on base; Belleville 0 - Put-In-Bay 0 |
BOTTOM OF THE 1ST |
Put-In-Bay BC batting - Pitching for Belleville Bulls : RHP Iván Polanco
|
Pitching: RHP Iván Polanco
|
|
Batting: RHB Eduard Argelander
|
0-0: Ball 1-0: Fly out, F9 (Flyball, 9S, EV 80.0 MPH)
|
Batting: LHB Eric Manchester
|
0-0: Ball 1-0: Swinging Strike 1-1: Fly out, F5 (Line Drive, 56, EV 88.8 MPH)
|
Batting: LHB Javier Castro
|
0-0: Fly out, F8 (Flyball, 8RD, EV 99.4 MPH)
|
Bottom of the 1st over - 0 runs, 0 hits, 0 errors, 0 left on base; Belleville 0 - Put-In-Bay 0 |
TOP OF THE 2ND |
Belleville Bulls batting - Pitching for Put-In-Bay BC : RHP Jeremy Brody
|
Batting: RHB Sean Urien
|
0-0: Ball 1-0: Foul Ball, location: 2F 1-1: Ball 2-1: Foul Ball, location: 2F 2-2: Foul Ball, location: 2F 2-2: Foul Ball, location: 2F 2-2: Strikes out looking
|
Batting: RHB Han Spoelstra
|
0-0: Called Strike 0-1: Hit by Pitch
|
Batting: LHB Travis Ladd
|
0-0: Foul Ball, location: 2F 0-1: Called Strike Han Spoelstra is caught stealing 2nd base 2-6 0-2: Ball 1-2: Strikes out swinging
|
Top of the 2nd over - 0 runs, 0 hits, 0 errors, 0 left on base; Belleville 0 - Put-In-Bay 0 |
BOTTOM OF THE 2ND |
Put-In-Bay BC batting - Pitching for Belleville Bulls : RHP Iván Polanco
|
Batting: LHB Joseph Wallace
|
0-0: Called Strike 0-1: Called Strike 0-2: Foul Ball, location: 2F 0-2: Ball 1-2: Ball 2-2: Strikes out swinging
|
Batting: LHB Martín Pliego
|
0-0: Ball 1-0: Called Strike 1-1: Ball 2-1: Ball 3-1: Foul Ball, location: 2F 3-2: Strikes out swinging
|
Batting: RHB Tom Hendrickson
|
0-0: Called Strike 0-1: Called Strike 0-2: Strikes out swinging
|
Bottom of the 2nd over - 0 runs, 0 hits, 0 errors, 0 left on base; Belleville 0 - Put-In-Bay 0 |
TOP OF THE 3RD |
Belleville Bulls batting - Pitching for Put-In-Bay BC : RHP Jeremy Brody
|
Batting: RHB Conan Porter
|
0-0: Ball 1-0: Called Strike 1-1: Foul Ball, location: 2F 1-2: Ball 2-2: Strikes out swinging
|
Batting: SHB Aristotle Auer
|
0-0: Ball 1-0: Called Strike 1-1: Swinging Strike 1-2: Foul Ball, location: 2F 1-2: Foul Ball, location: 2F 1-2: Ball 2-2: Foul Ball, location: 2F 2-2: Foul Ball, location: 2F 2-2: Strikes out swinging
|
Batting: RHB Imbart Baars
|
0-0: Called Strike 0-1: Ball 1-1: Foul Ball, location: 2F 1-2: Strikes out swinging
|
Top of the 3rd over - 0 runs, 0 hits, 0 errors, 0 left on base; Belleville 0 - Put-In-Bay 0 |
BOTTOM OF THE 3RD |
Put-In-Bay BC batting - Pitching for Belleville Bulls : RHP Iván Polanco
|
Batting: RHB Kiril Neuvel
|
0-0: Ball 1-0: Ground out 5-3 (Groundball, 56, EV 85.0 MPH)
|
Batting: RHB Victor Haley
|
0-0: Foul Ball, location: 2F 0-1: Ball 1-1: Foul Ball, location: 2F 1-2: Foul Ball, location: 2F 1-2: Foul Ball, location: 2F 1-2: Ball 2-2: Fly out, F9 (Flyball, 9LM, EV 86.9 MPH)
|
Batting: RHB Kent Potter
|
0-0: Called Strike 0-1: Reached on error, E6 (Groundball, 6, EV 96.9 MPH)
|
Batting: RHB Eduard Argelander
|
Pickoff Throw to First - Out! 1-3
|
Bottom of the 3rd over - 0 runs, 0 hits, 1 error, 0 left on base; Belleville 0 - Put-In-Bay 0 |
TOP OF THE 4TH |
Belleville Bulls batting - Pitching for Put-In-Bay BC : RHP Jeremy Brody
|
Batting: RHB Amor Campos
|
0-0: Called Strike 0-1: Ball 1-1: Called Strike 1-2: Ball 2-2: Strikes out swinging
|
Batting: RHB Tom Rowland
|
0-0: Called Strike 0-1: Ground out 5-3 (Groundball, 56, EV 85.0 MPH)
|
Batting: RHB Spencer Wiggins
|
0-0: Foul Ball, location: 2F 0-1: Ball 1-1: Called Strike 1-2: Ball 2-2: Ball 3-2: Fly out, F9 (Flyball, 9LMF, EV 85.6 MPH)
|
Top of the 4th over - 0 runs, 0 hits, 0 errors, 0 left on base; Belleville 0 - Put-In-Bay 0 |
BOTTOM OF THE 4TH |
Put-In-Bay BC batting - Pitching for Belleville Bulls : RHP Iván Polanco
|
Batting: RHB Eduard Argelander
|
0-0: Called Strike 0-1: Ground out 6-3 (Groundball, 6, EV 105.0 MPH)
|
Batting: LHB Eric Manchester
|
0-0: Ball 1-0: Ball 2-0: Ball 3-0: Base on Balls
|
Batting: LHB Javier Castro
|
0-0: Ball 1-0: Fly out, F5 (Popup, 5S, EV 76.9 MPH)
|
Batting: LHB Joseph Wallace
|
0-0: SINGLE (Groundball, 4D, EV 103.1 MPH) Eric Manchester to second Runner from 2nd tries for 3rd, SAFE, throw by RF made to third
|
Batting: LHB Martín Pliego
|
0-0: Reached on error, E3 (Groundball, 3L, EV 104.4 MPH) Eric Manchester scores Joseph Wallace to second
|
Batting: RHB Tom Hendrickson
|
0-0: Ball 1-0: Foul Ball, location: 2F 1-1: SINGLE (Groundball, 6M, EV 92.5 MPH) (infield hit) Joseph Wallace to third Martín Pliego to second
|
Batting: RHB Kiril Neuvel
|
0-0: Foul Ball, location: 2F 0-1: Foul Ball, location: 2F 0-2: Ball 1-2: Ball 2-2: Strikes out swinging
|
Bottom of the 4th over - 1 run, 2 hits, 1 error, 3 left on base; Belleville 0 - Put-In-Bay 1 |
TOP OF THE 5TH |
Belleville Bulls batting - Pitching for Put-In-Bay BC : RHP Jeremy Brody
|
Batting: RHB Sean Urien
|
0-0: Ball 1-0: Called Strike 1-1: Fly out, F8 (Flyball, 78D, EV 96.2 MPH)
|
Batting: RHB Han Spoelstra
|
0-0: Ball 1-0: Foul Ball, location: 2F 1-1: Foul Ball, location: 2F 1-2: Ball 2-2: Foul Ball, location: 2F 2-2: Foul Ball, location: 2F 2-2: Ball 3-2: Foul Ball, location: 2F 3-2: Ground out 4-3 (Groundball, 34, EV 103.8 MPH)
|
Batting: LHB Travis Ladd
|
0-0: Foul Ball, location: 2F 0-1: Ball 1-1: SOLO HOME RUN (Flyball, 89XD, EV 110.0 MPH), Distance : 392 ft
|
Batting: RHB Conan Porter
|
0-0: Ball 1-0: Ground out U3 (Groundball, 34S, EV 88.8 MPH)
|
Top of the 5th over - 1 run, 1 hit, 0 errors, 0 left on base; Belleville 1 - Put-In-Bay 1 |
BOTTOM OF THE 5TH |
Put-In-Bay BC batting - Pitching for Belleville Bulls : RHP Iván Polanco
|
Batting: RHB Victor Haley
|
0-0: Foul Ball, location: 2F 0-1: Foul Ball, location: 2F 0-2: Ball 1-2: Strikes out swinging
|
Batting: RHB Kent Potter
|
0-0: Ball 1-0: Called Strike 1-1: Foul Ball, location: 2F 1-2: Ball 2-2: Ball 3-2: Strikes out swinging
|
Batting: RHB Eduard Argelander
|
0-0: Ball 1-0: Swinging Strike 1-1: Foul Ball, location: 2F 1-2: Foul Ball, location: 2F 1-2: Strikes out swinging
|
Bottom of the 5th over - 0 runs, 0 hits, 0 errors, 0 left on base; Belleville 1 - Put-In-Bay 1 |
TOP OF THE 6TH |
Belleville Bulls batting - Pitching for Put-In-Bay BC : RHP Jeremy Brody
|
Batting: SHB Aristotle Auer
|
0-0: SINGLE (Line Drive, 89M, EV 100.0 MPH)
|
Batting: RHB Imbart Baars
|
0-0: Ball 1-0: Bunt - Flyout to 5S! F5
|
Batting: RHB Amor Campos
|
0-0: Ball 1-0: Called Strike 1-1: Ball 2-1: Ball 3-1: Swinging Strike 3-2: Strikes out looking Aristotle Auer steals 2nd base (no throw) Batter strikes out.
|
Batting: RHB Tom Rowland
|
0-0: Foul Ball, location: 2F 0-1: Foul Ball, location: 2F 0-2: Ball 1-2: Strikes out looking
|
Top of the 6th over - 0 runs, 1 hit, 0 errors, 1 left on base; Belleville 1 - Put-In-Bay 1 |
BOTTOM OF THE 6TH |
Put-In-Bay BC batting - Pitching for Belleville Bulls : RHP Iván Polanco
|
Batting: LHB Eric Manchester
|
0-0: Swinging Strike 0-1: Swinging Strike 0-2: SINGLE (Flyball, 89S, EV 97.5 MPH)
|
Batting: LHB Javier Castro
|
0-0: Swinging Strike 0-1: Ball 1-1: Ball 2-1: DOUBLE (Line Drive, 8RXD, EV 104.4 MPH) Eric Manchester to third
|
Batting: LHB Joseph Wallace
|
0-0: Called Strike 0-1: SINGLE (Groundball, 3, EV 101.9 MPH) (infield hit) Eric Manchester scores Javier Castro to third
|
Batting: LHB Martín Pliego
|
0-0: Foul Ball, location: 2F 0-1: Fly out, F8 (Flyball, 8LM, EV 80.0 MPH) Runner from 3rd tags up, SCORES, throw by CF
|
Batting: RHB Tom Hendrickson
|
0-0: Foul Ball, location: 2F 0-1: SINGLE (Line Drive, 8LS, EV 112.5 MPH) Joseph Wallace to second
|
Batting: RHB Kiril Neuvel
|
0-0: Ball 1-0: Swinging Strike 1-1: Foul Ball, location: 2F 1-2: Fly out, F6 (Line Drive, 6, EV 73.8 MPH)
|
Batting: RHB Victor Haley
|
0-0: Foul Ball, location: 2F 0-1: Swinging Strike 0-2: Strikes out swinging
|
Bottom of the 6th over - 2 runs, 4 hits, 0 errors, 2 left on base; Belleville 1 - Put-In-Bay 3 |
TOP OF THE 7TH |
Belleville Bulls batting - Pitching for Put-In-Bay BC : RHP Jeremy Brody
|
Batting: RHB Spencer Wiggins
|
0-0: Called Strike 0-1: Ball 1-1: Ball 2-1: Ball 3-1: Called Strike 3-2: Ground out 3-1 (Groundball, 34S, EV 79.4 MPH)
|
Pitching: RHP Bailey Borrett
|
|
Batting: RHB Sean Urien
|
0-0: Called Strike 0-1: Ball 1-1: Ball 2-1: SOLO HOME RUN (Flyball, 7LD, EV 110.0 MPH), Distance : 353 ft
|
Batting: RHB Han Spoelstra
|
0-0: Ball 1-0: Called Strike 1-1: Ball 2-1: Fly out, F9 (Flyball, 9, EV 90.6 MPH)
|
Batting: LHB Travis Ladd
|
0-0: Called Strike 0-1: Swinging Strike 0-2: Ball 1-2: Foul Ball, location: 2F 1-2: Foul Ball, location: 2F 1-2: Strikes out swinging
|
Top of the 7th over - 1 run, 1 hit, 0 errors, 0 left on base; Belleville 2 - Put-In-Bay 3 |
BOTTOM OF THE 7TH |
Put-In-Bay BC batting - Pitching for Belleville Bulls : RHP Iván Polanco
|
Batting: RHB Kent Potter
|
0-0: Called Strike 0-1: Foul Ball, location: 2F 0-2: Ball 1-2: Ball 2-2: Fly out, F8 (Flyball, 89S, EV 83.8 MPH)
|
Batting: RHB Eduard Argelander
|
0-0: Ball 1-0: Foul Ball, location: 2F 1-1: Ball 2-1: Foul Ball, location: 2F 2-2: Ball 3-2: Fly out, F9 (Flyball, 9LS, EV 90.0 MPH)
|
Batting: LHB Eric Manchester
|
0-0: Ball 1-0: Ball 2-0: Foul Ball, location: 2F 2-1: DOUBLE (Line Drive, 5D, EV 95.6 MPH)
|
Pitching: RHP Bobby Martin
|
|
Batting: LHB Javier Castro
|
0-0: Called Strike 0-1: Foul Ball, location: 2F 0-2: Ball 1-2: Foul Ball, location: 2F 1-2: Foul Ball, location: 2F 1-2: Ground out 4-3 (Groundball, 34D, EV 107.5 MPH)
|
Bottom of the 7th over - 0 runs, 1 hit, 0 errors, 1 left on base; Belleville 2 - Put-In-Bay 3 |
TOP OF THE 8TH |
Belleville Bulls batting - Pitching for Put-In-Bay BC : RHP Bailey Borrett
|
Batting: RHB Conan Porter
|
0-0: Called Strike 0-1: Ball 1-1: Called Strike 1-2: Strikes out swinging
|
Batting: SHB Aristotle Auer
|
0-0: Fly out, F9 (Flyball, 9, EV 78.1 MPH)
|
Batting: RHB Imbart Baars
|
0-0: Ball 1-0: Called Strike 1-1: SINGLE (Line Drive, 6MD, EV 95.6 MPH)
|
Batting: RHB Amor Campos
|
0-0: Fly out, F3 (Popup, 23, EV 78.8 MPH)
|
Top of the 8th over - 0 runs, 1 hit, 0 errors, 1 left on base; Belleville 2 - Put-In-Bay 3 |
BOTTOM OF THE 8TH |
Put-In-Bay BC batting - Pitching for Belleville Bulls : RHP Bobby Martin
|
Batting: LHB Joseph Wallace
|
0-0: Ball 1-0: Fly out, F9 (Flyball, 9S, EV 90.0 MPH)
|
Batting: LHB Martín Pliego
|
0-0: Called Strike 0-1: Called Strike 0-2: Ball 1-2: Strikes out swinging
|
Batting: RHB Tom Hendrickson
|
0-0: Ball 1-0: Called Strike 1-1: Swinging Strike 1-2: Foul Ball, location: 2F 1-2: SINGLE (Groundball, 4MD, EV 104.4 MPH)
|
Batting: RHB Kiril Neuvel
|
0-0: Ball 1-0: Fly out, F9 (Flyball, 9, EV 87.5 MPH)
|
Bottom of the 8th over - 0 runs, 1 hit, 0 errors, 1 left on base; Belleville 2 - Put-In-Bay 3 |
TOP OF THE 9TH |
Belleville Bulls batting - Pitching for Put-In-Bay BC : RHP Bailey Borrett
|
Pitching: RHP Adam Durango
|
|
Now in CF: Andy Noonkester
|
|
Batting: RHB Tom Rowland
|
0-0: Ball 1-0: Called Strike 1-1: Foul Ball, location: 2F 1-2: Ball 2-2: Strikes out looking
|
Batting: RHB Spencer Wiggins
|
0-0: Swinging Strike 0-1: Fly out, F8 (Flyball, 78XD, EV 110.6 MPH)
|
Batting: RHB Sean Urien
|
0-0: Foul Ball, location: 2F 0-1: Foul Ball, location: 2F 0-2: Strikes out swinging
|
Top of the 9th over - 0 runs, 0 hits, 0 errors, 0 left on base; Belleville 2 - Put-In-Bay 3 |
|